Map: Jagannatha LE

Players

Serral

  • Race: Zerg Zerg

Clem - Winner!

  • Race: Terran Terran

Event: DreamHack SC2 Masters 2021 Fall

VOD

Have the link to the VOD?

Description

Time

  • Played on: Aug. 15, 2021, 12:54 p.m.
  • Length: 8:16

All games in this series

Show
View Real Time Build Order
Export as new Build Order

Serral Zerg 

Build Orders: Hatch First 

Get SALT Encoding   

  12  0:00  Drone  
  13  0:11  Overlord  
  13  0:17  Drone  
  14  0:30  Drone x2  
  16  0:47  Hatchery  
  15  0:51  Drone  
  15  0:54  Drone  
  17  0:58  Drone  
  18  1:08  Extractor  
  17  1:13  Spawning Pool  
  17  1:16  Drone  
  17  1:20  Drone  
  18  1:27  Drone  
  19  1:38  Drone  
  20  1:48  Drone  
  21  1:59  Queen x2  
  21  2:00  Zergling x4  
  27  2:10  Overlord  
  27  2:11  Zergling x2  
  28  2:23  Hatchery  
  28  2:29  Drone  
  28  2:30  Drone  
  28  2:34  Drone  
  30  2:37  Metabolic Boost  
  30  2:41  Drone  
  31  2:47  Queen  
  32  2:52  Overlord  
  32  2:56  Drone  
  32  2:57  Drone  
  34  2:59  Drone  
  35  3:06  Overlord  
  35  3:12  Drone x3  
  38  3:13  Drone  
  38  3:16  Drone  
  40  3:21  Queen  
  40  3:23  Drone  
  43  3:29  Queen  
  45  3:34  Queen  
  45  3:38  Drone x2  
  49  3:42  Overlord  
  49  3:45  Drone  
  49  3:46  Drone  
  51  3:49  Zergling x2  
  51  3:50  Zergling x2  
  51  3:52  Overlord  
  51  3:54  Drone  
  54  3:57  Zergling x2  
  54  3:59  Overlord  
  54  4:01  Drone  
  56  4:05  Drone  
  56  4:07  Baneling Nest  
  56  4:10  Drone x3  
  56  4:16  Queen  
  61  4:17  Drone  
  61  4:20  Overlord  
  61  4:21  Drone  
  63  4:24  Drone  
  63  4:25  Drone  
  63  4:26  Drone x2  
  63  4:31  Lair  
  67  4:34  Extractor, Drone  
  67  4:36  Zergling x4  
  69  4:39  Drone x2  
  69  4:41  Drone x2  
  69  4:43  Drone  
  74  4:49  Spore Crawler  
  74  4:50  Zergling x2  
  74  4:51  Drone x4  
  78  4:57  Extractor x2  
  78  4:59  Overlord  
  76  5:00  Zergling x2  
  76  5:01  Drone x3  
  80  5:10  Hatchery  
  80  5:11  Zergling x4  
  81  5:16  Overlord  
  81  5:19  Extractor, Queen  
  81  5:21  Drone x4  
  86  5:31  Drone x3  
  86  5:34  Drone x2  
  89  5:37  Zergling x2  
  89  5:38  Zergling x2, Evolution Chamber  
  89  5:39  Drone x2, Evolution Chamber  
  89  5:41  Centrifical Hooks  
  91  5:45  Zergling x2  
  91  5:47  Drone x3  
  91  5:48  Drone x2  
  97  5:52  Overlord  
  97  5:54  Drone  
  95  6:05  Zergling x6  
  87  6:12  Zergling x4  
  87  6:15  Zerg Melee Weapons Level 1, Zerg Ground Armor Level 1  
  89  6:20  Hatchery  
  89  6:21  Drone x6  
  89  6:22  Zergling x6  
  97  6:31  Hydralisk Den  
  97  6:32  Zergling x4  
  98  6:34  Queen  
  98  6:35  Baneling x5  
  98  6:36  Baneling x3, Overlord  
  98  6:38  Zergling x2, Burrow  
  98  6:39  Zergling x2  
  102  6:44  Zergling x6  
  102  6:46  Overlord  
  105  6:47  Zergling x4  
  106  6:54  Spore Crawler  
  106  6:59  Spore Crawler  
  106  7:00  Spore Crawler  
  103  7:01  Drone x2  
  103  7:02  Drone x3  
  103  7:06  Drone x4  
  105  7:17  Zergling x16  
  105  7:22  Zergling x6  
  116  7:26  Baneling x5  
  116  7:27  Zergling x4, Baneling x2  
  118  7:31  Overlord  
  118  7:37  Zergling x8  
  118  7:41  Baneling x4, Overseer  
  122  7:46  Zergling x14  
  131  7:54  Zergling x18  
Show
View Real Time Build Order
Export as new Build Order

Clem Terran - Winner!

Build Orders: Hellion Opening, Reaper Expand 

Get SALT Encoding   

  12  0:00  SCV  
  13  0:12  SCV  
  14  0:17  Supply Depot  
  14  0:24  SCV  
  15  0:38  SCV  
  15  0:39  Barracks  
  16  0:44  Refinery  
  16  0:50  SCV  
  17  1:02  SCV  
  18  1:15  SCV  
  19  1:27  Reaper  
  19  1:28  Orbital Command  
  20  1:40  Command Center  
  20  1:48  Supply Depot  
  20  1:53  SCV  
  21  1:59  Marine  
  22  2:05  SCV  
  23  2:10  Factory  
  23  2:17  SCV  
  24  2:22  Barracks Reactor  
  24  2:29  SCV  
  25  2:40  Command Center  
  25  2:42  SCV  
  26  2:52  Orbital Command  
  26  2:54  SCV  
  27  3:00  Starport  
  27  3:05  Refinery  
  27  3:07  SCV  
  27  3:12  Hellion  
  30  3:16  Hellion  
  30  3:18  SCV  
  33  3:21  SCV  
  33  3:22  Barracks Tech Lab  
  34  3:30  SCV  
  34  3:33  SCV, Hellion  
  38  3:37  Hellion  
  40  3:42  SCV  
  40  3:48  SCV  
  42  3:53  Orbital Command  
  42  3:54  SCV  
  43  3:56  Raven  
  43  3:57  Hellion  
  43  3:59  Hellion  
  43  4:02  Barracks Tech Lab  
  49  4:03  Supply Depot  
  49  4:04  SCV  
  49  4:06  SCV  
  51  4:16  SCV  
  52  4:18  SCV  
  52  4:19  Hellion  
  52  4:20  Hellion  
  57  4:24  Stimpack  
  57  4:25  SCV  
  57  4:27  Supply Depot  
  57  4:28  SCV  
  57  4:31  SCV  
  60  4:32  Barracks  
  60  4:36  Barracks  
  60  4:37  SCV  
  60  4:40  SCV  
  60  4:41  Marine  
  60  4:45  Refinery, Hellion  
  64  4:47  Hellion  
  64  4:49  SCV  
  64  4:51  SCV  
  64  4:52  Refinery, Starport Reactor  
  68  4:55  SCV  
  68  4:56  Supply Depot  
  68  4:59  Marine  
  70  5:01  SCV  
  70  5:06  Engineering Bay x2  
  71  5:07  Orbital Command  
  71  5:08  SCV, Hellion  
  71  5:11  Hellion  
  71  5:13  SCV  
  77  5:17  Marine  
  77  5:20  Supply Depot  
  78  5:21  Barracks Reactor  
  78  5:24  Barracks Reactor, Supply Depot  
  78  5:28  SCV  
  79  5:35  Marine, Widow Mine x2  
  84  5:37  Medivac  
  84  5:40  SCV  
  84  5:42  SCV x2, Medivac  
  89  5:43  Supply Depot  
  89  5:47  Terran Infantry Armor Level 1, Terran Infantry Weapons Level 1  
  89  5:52  Supply Depot  
  89  5:53  Marine, SCV  
  89  5:54  SCV x2  
  93  6:00  Marine x2  
  93  6:02  Marine  
  93  6:04  Marine, Combat Shield  
  96  6:05  SCV  
  96  6:06  SCV  
  96  6:07  Widow Mine  
  96  6:08  SCV  
  96  6:10  Marine  
  95  6:14  Armory  
  95  6:17  Marine, SCV  
  97  6:18  Marine  
  97  6:20  Marine  
  97  6:21  SCV  
  97  6:22  SCV  
  97  6:23  Barracks  
  97  6:24  Supply Depot, Barracks  
  101  6:26  Marine  
  101  6:29  SCV  
  103  6:33  Marine  
  103  6:34  Factory  
  103  6:35  Marine  
  103  6:36  Marine  
  103  6:37  SCV  
  103  6:38  SCV  
  108  6:40  Widow Mine  
  108  6:41  Widow Mine  
  108  6:44  Medivac  
  108  6:45  SCV, Medivac  
  117  6:47  Supply Depot  
  117  6:49  SCV  
  117  6:50  Marine  
  117  6:51  Refinery, SCV, Marine  
  117  6:54  Marine  
  121  6:57  Marine  
  121  6:59  Marine, SCV  
  125  7:03  Supply Depot  
  125  7:08  Marine  
  125  7:09  SCV, Widow Mine x2  
  125  7:13  Marine  
  125  7:15  Barracks Reactor x2  
  133  7:16  Supply Depot  
  133  7:19  SCV  
  133  7:22  Marine x2  
  133  7:24  Marine, Widow Mine, Command Center  
  133  7:26  Marine  
  133  7:27  Supply Depot  
  135  7:30  Marine  
  135  7:33  Refinery  
  135  7:35  Medivac x2  
  140  7:37  Widow Mine x2  
  140  7:40  Marine x2  
  140  7:42  Marine  
  140  7:43  Supply Depot x2  
  147  7:44  Marine  
  147  7:48  Marine  
  147  7:49  Widow Mine  
  151  7:55  Marine x2  
  151  7:56  Marine  
  151  7:58  Marine x2  
  149  8:04  SCV  
  161  8:09  Supply Depot  
  161  8:10  Supply Depot  

Tags
 
Add a new tag
Caveats
  • Supply blocks, unpowered buildings, or Contaminate may cause inaccurate times.
  • Supply counts are checked every 10 seconds.